 Dungeon Crawl Stone Soup version 0.16.1-4-g8e1b745 (console) character file.

2217 gw the Basher (level 9, -10/72 HPs)
             Began as a Deep Dwarf Abyssal Knight on Mar 26, 2015.
             Was an Elder of Lugonu.
             Killed from afar by a lich (61 damage)
             ... with a crystal spear
             ... while paralysed by something
             ... on level 1 of the Abyss.
             The game lasted 00:10:44 (5315 turns).

gw the Basher (Deep Dwarf Abyssal Knight)           Turns: 5315, Time: 00:10:44

Health: -10/72     AC: 20    Str: 17    XL:     9   Next: 13%
Magic:  2/14       EV:  2    Int: 10    God:    Lugonu [****..]
Gold:   329        SH:  0    Dex: 15    Spells: 0 memorised, 8 levels left

rFire  . . .     SeeInvis .     a - -2 morningstar
rCold  + . .     Clarity  .     q - +0 plate armour
rNeg   . . .     SustAb   .     (no shield)
rPois  .         Gourm    .     m - +1 helmet
rElec  .         Spirit   .     v - +0 cloak
rCorr  .         Warding  .     g - +2 pair of gloves
rMut   .         Stasis   .     b - +0 pair of boots
MR     +....                    (no amulet)
Stlth  ..........               (no ring)
                                (no ring)

@: paralysed, non-regenerating, drained, somewhat resistant to hostile
enchantments, extremely unstealthy
A: damage resistance, recharge devices, cold resistance 1, dopey 1, frail 1,
sense surroundings 2, slow healing 3
a: Device Recharging, Depart the Abyss, Bend Space, Banish, Corrupt, Renounce
Religion


You were on level 1 of the Abyss.
You worshipped Lugonu.
Lugonu was greatly pleased with you.
You were hungry.

You visited 1 branch of the dungeon, and saw 7 of its levels.
You visited the Abyss 2 times.

You collected 329 gold pieces.

Inventory:

Hand weapons
 a - a -2 morningstar (weapon)
Missiles
 e - 37 bolts
Armour
 b - a +0 pair of boots (worn)
 g - a +2 pair of gloves (worn)
 m - a +1 helmet (worn)
 q - a +0 plate armour (worn)
 v - a +0 cloak (worn)
Magical devices
 c - a wand of heal wounds (1)
 i - a wand of fireball (2)
 k - a wand of random effects (1)
 l - a wand of magic darts (21)
 p - a wand of disintegration (13)
 u - a wand of frost (30)
 x - a wand of confusion (30)
Scrolls
 n - 4 scrolls of identify
 o - a scroll of remove curse
 r - 2 scrolls of fear
Potions
 f - a potion of curing
 h - 3 potions of restore abilities
Comestibles
 d - 4 bread rations
 j - 2 slices of pizza
 s - 3 fruits
 t - a royal jelly
 w - a meat ration


   Skills:
 + Level 5.5(4.9) Fighting
 * Level 8.1(7.4) Maces & Flails
 + Level 6.0(5.4) Armour
 - Level 1.1(0.5) Dodging
 + Level 7.5(6.9) Invocations


You had 8 spell levels left.
You didn't know any spells.

Dungeon Overview and Level Annotations

Branches:
Dungeon (7/15)             Temple (0/1) D:6

Altars:
Ashenzari
Dithmenos
Fedhas
Gozag
Makhleb
Nemelex Xobeh
Qazlal
Ru
Xom
The Shining One

Shops:
D:5 }

Annotations:
Abyss:1 Grinder


Innate Abilities, Weirdness & Mutations

You are resistant to damage.
You can recharge devices by infusing magical energy.
You passively map the area around you.
You do not heal naturally.
Your flesh is cold resistant.
You are dopey. (Int -2)
You are frail (-10% HP).


Message History

You miss something.
Something touches you but does no damage.
Unknown command.
Unknown command.
Unknown command.
Unknown command.
ATTACKING (0,-1)
You hit something but do no damage. Something completely misses you.
Unknown command.
Unknown command.
Unknown command.
Unknown command.
ATTACKING (0,-1)
You miss something.
You hear some strange, mumbled words.
You suddenly lose the ability to move!
You hear some strange, mumbled words.
The crystal spear hits you!
Ouch! That really hurt!
You die...

..#
......#..
........#.#
.#.......
.......
..... .\.
#{# #g# #.#
#.. ##..
... ....
.$... ....
.


There were no monsters in sight!

Table legend:
 A = Turns spent in this place as a percentage of turns spent in the entire game.
 B = Non-inter-level travel turns spent in this place as a percentage of non-inter-level travel turns spent in the entire game.
 C = Inter-level travel turns spent in this place as a percentage of turns spent in this place.
 D = Turns resting spent in this place as a percentage of non-inter-level travel turns spent in this place.
 E = Turns spent auto-exploring this place as a percentage of non-inter-level travel turns spent in this place.
 F = Non-inter-level travel turns spent in this place divided by the number of levels of this place that you've seen.
                   A       B       C       D       E      F
               +-------+-------+-------+-------+-------+----------------------
         Total | 100.0 | 100.0 |   0.2 |   0.0 |   2.3 | 1682.6
       Dungeon |  98.8 |  98.8 |   0.2 |   0.0 |   2.3 | 2138.3
         Abyss |   1.2 |   1.2 |   0.0 |   0.0 |   2.3 |  87.5
               +-------+-------+-------+-------+-------+----------------------

Table legend:
 A = Kills in this place as a percentage of kills in entire the game.
 B = Kills by you in this place as a percentage of kills by you in the entire game.
 C = Kills by friends in this place as a percentage of kills by friends in the entire game.
 D = Other kills in this place as a percentage of other kills in the entire game.
 E = Experience gained in this place as a percentage of experience gained in the entire game.
 F = Experience gained in this place divided by the number of levels of this place that you have seen.
                   A       B       C       D       E      F
               +-------+-------+-------+-------+-------+----------------------
         Total | 100.0 | 100.0 |  -nan | 100.0 | 100.0 | 352.0
       Dungeon | 100.0 | 100.0 |  -nan | 100.0 | 100.0 | 452.6
               +-------+-------+-------+-------+-------+----------------------

Vanquished Creatures
  An orc warrior (D:6)
  An ice beast (D:5)
  A sky beast (D:5)
  2 centaurs
  A phantom (D:4)
  The ghost of gw the Stinger, an average HuVM (D:3)
  Sigmund (D:2)
  4 ogres
  A scorpion (D:6)
  3 hounds
  A goliath beetle (D:6)
  4 crimson imps
  An orc priest (D:6)
  A jelly (D:5)
  A gnoll shaman (D:5)
  An iguana (D:6)
  6 orc wizards
  4 worker ants
  A killer bee zombie (D:5)
  Ijyb (D:2)
  Jessica (D:2)
  5 gnolls (D:5)
  6 adders
  A shadow imp (D:5)
  A worm (D:2)
  An adder skeleton (D:4)
  6 giant geckos
  An ooze (D:5)
  20 orcs
  15 bats
  16 hobgoblins
  2 jackals (D:1)
  26 kobolds
  2 quokkas
  3 ball pythons
  5 giant cockroaches
  6 giant newts
  12 goblins
  3 goblin skeletons (D:4)
  2 goblin zombies (D:4)
  A hobgoblin zombie (D:4)
  2 kobold skeletons (D:4)
  A kobold zombie (D:4)
  3 orc skeletons (D:4)
  3 orc zombies (D:4)
  A quokka skeleton (D:4)
  14 rats
196 creatures vanquished.

Vanquished Creatures (others)
  The ghost of Archevanescent the Grave Robber, an average DsNe of Sif Muna (D:4)
1 creature vanquished.

Grand Total: 197 creatures vanquished

Notes
Turn   | Place    | Note
--------------------------------------------------------------
     0 | Abyss:1  | gw, the Deep Dwarf Abyssal Knight, began the quest for the Orb.
     0 | Abyss:1  | Reached XP level 1. HP: 20/20 MP: 1/1
    74 | Abyss:1  | Noticed a small abomination
    74 | D:1      | Escaped the Abyss
   168 | D:1      | Acquired Lugonu's first power
   197 | D:1      | Reached XP level 2. HP: 18/27 MP: 2/2
   384 | D:1      | Reached skill level 3 in Invocations
   683 | D:1      | Reached XP level 3. HP: 17/33 MP: 5/5
   783 | D:1      | Acquired Lugonu's second power
   981 | D:1      | Gained mutation: Your flesh is cold resistant. [potion of mutation]
   981 | D:1      | Gained mutation: You are frail (-10% HP). [potion of mutation]
   981 | D:1      | Gained mutation: You are dopey. (Int -2) [potion of mutation]
  1052 | D:2      | Noticed Jessica
  1081 | D:2      | Killed Jessica
  1163 | D:2      | Reached XP level 4. HP: 22/37 MP: 7/7
  1351 | D:2      | Found a shimmering altar of Xom.
  1351 | D:2      | Found a shattered altar of Ashenzari.
  1352 | D:2      | Found a burning altar of Makhleb.
  1352 | D:2      | Noticed Sigmund
  1357 | D:2      | Found a sacrificial altar of Ru.
  1364 | D:2      | Killed Sigmund
  1364 | D:2      | Reached skill level 4 in Invocations
  1364 | D:2      | Reached XP level 5. HP: 23/44 MP: 9/9
  1460 | D:2      | Noticed Ijyb
  1477 | D:2      | Killed Ijyb
  1881 | D:3      | Acquired Lugonu's third power
  1882 | D:3      | Noticed gw's ghost (average HuVM)
  1892 | D:3      | Killed gw's ghost
  1892 | D:3      | Reached XP level 6. HP: 48/50 MP: 10/10
  2033 | D:3      | Found a sparkling altar of Nemelex Xobeh.
  2450 | D:4      | Noticed Archevanescent's ghost (average DsNe)
  2508 | D:4      | Banished Archevanescent's ghost
  2508 | D:4      | Reached skill level 5 in Maces & Flails
  2592 | D:4      | Reached XP level 7. HP: 34/56 MP: 12/12
  2774 | D:4      | Reached skill level 5 in Invocations
  2920 | D:4      | Acquired Lugonu's fourth power
  3068 | D:4      | Found a glowing golden altar of the Shining One.
  3073 | D:4      | Noticed Grinder
  3092 | D:4      | Banished Grinder
  3132 | D:4      | Reached skill level 6 in Maces & Flails
  3417 | D:4      | Found an opulent altar of Gozag.
  3518 | D:5      | Entered Level 5 of the Dungeon
  3593 | D:5      | Reached XP level 8. HP: 34/65 MP: 15/15
  3666 | D:5      | Found Smass' Gadget Boutique.
  3690 | D:5      | Acquired Lugonu's fifth power
  3728 | D:5      | Reached skill level 5 in Armour
  3902 | D:5      | Reached skill level 7 in Maces & Flails
  3980 | D:5      | Reached skill level 5 in Fighting
  4286 | D:5      | Found a stormy altar of Qazlal.
  4289 | D:5      | Found a shadowy altar of Dithmenos.
  4292 | D:5      | Found a blossoming altar of Fedhas.
  4890 | D:6      | Gained mutation: You passively map the area around you. [level up]
  4890 | D:6      | Reached XP level 9. HP: 46/72 MP: 17/17
  5201 | D:6      | Reached skill level 8 in Maces & Flails
  5232 | D:6      | Found a staircase to the Ecumenical Temple.
  5291 | Abyss:1  | Noticed a lich
  5314 | Abyss:1  | Paralysed by something for 4 turns
  5315 | Abyss:1  | Killed from afar by a lich

Action                   |  1- 3 |  4- 6 |  7- 9 || total
-------------------------+-------+-------+-------++-------
Melee: Mace              |   108 |   177 |       ||   285
       Flail             |       |    77 |   376 ||   453
       Morningstar       |       |       |   149 ||   149
Invok: Depart the Abyss  |     1 |       |       ||     1
       Banish            |       |     2 |     1 ||     3
       Enter the Abyss   |       |       |     1 ||     1
 Abil: Device Recharging |       |     1 |     5 ||     6
Evoke: Wand              |     2 |     8 |    24 ||    34
  Use: Potion            |     4 |     5 |     5 ||    14
       Scroll            |     3 |     4 |     8 ||    15
 Stab: Paralysed         |       |     2 |       ||     2
  Eat: Chunk             |     2 |     6 |    11 ||    19

Vault maps used:
D:1:      tarquinn_simple_flora_water_a, serial_bayou_ford_a
D:2:      grunt_temple_overflow_open, uniq_sigmund, uniq_iyjb, uniq_jessica
D:3:      lemuel_crystal_altar, first_bread, st_stairs_7, minmay_vboxes
D:4:      nicolae_tso_besieged_by_evil, grunt_gozag_breadcrumbs,
          minmay_misc_feat_tower, st_stairs_3, dk_noncrumbling_2,
          hangedman_decor_peaks_small, uniq_grinder
D:5:      grunt_temple_overflow_diamond, serial_shops, nicolae_shop_behind_doors
D:6:      temple_doors_c
D:7:      basic_altar, water_boxes_lemuel, uniq_eustachio,
          uniq_crazy_yiuf_cottage
